Map: Incorporeal LE

Players

kemar - Winner!

  • Race: Zerg Zerg
  • League: Master
  • Spawn Location: 11:00

Sindyr

  • Race: Protoss Protoss
  • League: Master
  • Spawn Location: 5:00

VOD

Have the link to the VOD?

Description

Time

  • Played on: Oct. 25, 2025, 7:08 a.m.
  • Length: 8:59
Show
View Real Time Build Order
Export as new Build Order

kemar Zerg - Winner!

Build Orders: Pool First 

Get SALT Encoding   

  12  0:00  Drone  
  13  0:09  Drone  
  14  0:28  Spawning Pool  
  13  0:30  Drone  
  14  0:38  Overlord  
  14  1:02  Hatchery  
  13  1:15  Zergling x6  
  16  1:26  Queen  
  16  1:32  Zergling x2  
  19  1:37  Drone  
  20  1:40  Extractor  
  19  1:49  Drone  
  20  1:58  Drone  
  21  2:11  Drone  
  21  2:15  Overlord  
  22  2:25  Zergling x2  
  22  2:27  Drone  
  24  2:31  Queen  
  24  2:35  Drone  
  27  2:47  Zergling x4  
  27  2:49  Drone x4  
  33  3:00  Extractor  
  33  3:01  Drone  
  33  3:02  Drone  
  32  3:30  Zergling x4  
  32  3:31  Zergling x4  
  36  3:42  Lair  
  36  3:55  Extractor, Drone  
  36  3:58  Overlord x2  
  36  4:17  Hatchery  
  36  4:20  Drone x2  
  36  4:21  Drone  
  38  4:46  Spire  
  38  4:47  Drone x3  
  40  4:58  Metabolic Boost  
  40  5:11  Hydralisk Den  
  39  5:14  Evolution Chamber  
  38  5:23  Extractor, Drone x4  
  38  5:25  Drone x2, Overlord  
  38  5:26  Overlord x2  
  43  5:37  Overseer  
  43  5:53  Mutalisk x3  
  43  5:54  Mutalisk x2  
  53  6:07  Drone x3  
  53  6:10  Drone x2  
  58  6:12  Queen  
  58  6:17  Overlord  
  60  6:25  Mutalisk  
  60  6:28  Mutalisk  
  64  6:45  Grooved Spines  
  64  6:47  Mutalisk x3  
  70  7:02  Zerg Missile Weapons Level 1  
  70  7:16  Mutalisk x2  
  70  7:17  Zergling x4  
  70  7:18  Zergling x8  
  70  7:20  Zergling x4  
  70  7:21  Zergling x2  
  81  8:19  Infestation Pit  
  80  8:26  Evolution Chamber  
  79  8:49  Extractor  
Show
View Real Time Build Order
Export as new Build Order

Sindyr Protoss 

Build Orders: 1 Gate Expand 

Get SALT Encoding   

  12  0:07  Probe  
  13  0:19  Probe  
  14  0:23  Pylon  
  14  0:31  Probe  
  15  0:42  Probe  
  15  0:46  Gateway  
  16  0:50  Probe  
  17  0:57  Assimilator  
  17  0:58  Probe  
  18  1:09  Probe  
  19  1:22  Probe  
  20  1:28  Nexus  
  20  1:34  Probe  
  21  1:42  Cybernetics Core  
  21  1:46  Probe  
  22  1:59  Probe, Assimilator  
  22  2:11  Pylon  
  24  2:30  Forge  
  24  2:35  Pylon  
  22  3:05  Photon Cannon  
  22  3:06  Photon Cannon  
  22  3:10  Photon Cannon  
  22  3:23  Pylon  
  22  3:28  Pylon  
  22  3:34  Gateway  
  22  3:50  Gateway  
  22  3:56  Photon Cannon x2  
  22  4:15  Pylon  
  22  4:20  Protoss Ground Weapons Level 1  
  22  4:27  Pylon  
  22  4:45  Cybernetics Core  
  22  4:50  Photon Cannon  
  22  4:52  Photon Cannon  
  22  5:06  Photon Cannon  
  22  5:11  Probe  
  23  5:23  Probe  
  24  5:30  Robotics Facility  
  24  5:34  Nexus  
  24  6:02  Probe  
  24  6:10  Probe  
  25  6:13  Pylon x2  
  25  6:16  Pylon  
  25  6:18  Observer  
  27  6:19  Probe  
  28  6:31  Probe  
  29  6:35  Pylon  
  29  6:42  Probe  
  29  6:43  Probe  
  31  6:50  Probe  
  31  6:51  Probe  
  32  6:58  Probe  
  32  7:00  Probe  
  33  7:07  Twilight Council  
  33  7:08  Observer  
  36  7:10  Probe  
  36  7:12  Warp Gate, Probe  
  38  7:21  Stalker x2  
  38  7:22  Probe  
  33  7:48  Immortal, Stalker  
  34  8:14  Gateway  
  34  8:16  Gateway  
  34  8:20  Gateway  
  34  8:35  Nexus  
Tags
 
Add a new tag
Caveats
  • Supply blocks, unpowered buildings, or Contaminate may cause inaccurate times.
  • Supply counts are checked every 10 seconds.